[Event "40th IND-chT Open 2020"]
[Site "Ahmedabad"]
[Date "2020.02.11"]
[Round "7.8"]
[White "Sai Agni Jeevitesh, J."]
[Black "Girinath, P.D.S."]
[Result "1-0"]
[ECO "E61"]
[WhiteElo "2310"]
[BlackElo "2353"]
[Annotator "RC"]
[PlyCount "106"]
[EventDate "2020.02.05"]
[EventCountry "IND"]
[SourceTitle "playchess.com"]
[Source "ChessBase"]
[SourceQuality "1"]
[TimeControl "5400+30"]

1. d4 d6 2. Nf3 Nf6 3. c4 g6 4. e3 Bg7 5. Be2 O-O 6. Nc3 Nbd7 7. O-O e5 8. Qc2 Re8 9. Rd1 e4 10. Nd2 Qe7 11. b4 h5 12. Bb2 Nf8 13. Nb3 N8h7 14. d5 Ng5 15. c5 Bg4 16. Nd4 Bxe2 17. Ncxe2 h4 18. h3 Nh5 19. Rac1 Be5 20. cxd6 cxd6 21. Qc7 f5 22. Qxe7 Rxe7 23. Rc2 f4 24. exf4 Nxf4 25. Nxf4 Bxf4 26. Ne2 Rf8 27. Nxf4 Rxf4 28. Rc8+ Kf7 29. Rd8 e3 30. fxe3 Rf5 31. Rxd6 Rxe3 32. Bd4 Re2 33. Bxa7 Ne4 34. Rd7+ Ke8 35. Rh7 Rh5 36. Rxh5 gxh5 37. a4 Kd7 38. a5 Rc2 39. Rd4 Rc1+ 40. Kh2 Re1 41. Bc5 Kd8 42. Bb6+ Kd7 43. b5 Kd6 44. a6 bxa6 45. bxa6 Ng3 46. Rxh4 Nf1+ 47. Kg1 Ra1 48. Kf2 Nd2 49. a7 Ra2 50. Ke1 Nb3 51. Rxh5 Nc1 52. Rh8 Nd3+ 53. Kd1 Kxd5 1-0

[Event "40th IND-chT Open 2020"]
[Site "Ahmedabad"]
[Date "2020.02.11"]
[Round "7.20"]
[White "Chudasama Ankit"]
[Black "Baivab Mishra"]
[Result "1/2-1/2"]
[ECO "B77"]
[WhiteElo "1824"]
[BlackElo "2206"]
[Annotator "ChessBase"]
[PlyCount "61"]
[EventDate "2020.02.05"]
[EventCountry "IND"]
[SourceTitle "playchess.com"]
[Source "ChessBase"]
[SourceQuality "1"]
[TimeControl "5400+30"]

1. e4 c5 2. Nf3 g6 3. d4 cxd4 4. Nxd4 Nc6 5. Nc3 Bg7 6. Be3 Nf6 7. Bc4 O-O 8. Bb3 d6 9. f3 Bd7 10. Qd2 Nxd4 11. Bxd4 b5 12. Nd5 Nxd5 13. Bxg7 Kxg7 14. exd5 a5 15. Qd4+ Kg8 16. a4 Qc7 17. axb5 Bxb5 18. c4 Bd7 19. O-O Rab8 20. Ba4 e5 21. dxe6 Bxe6 22. b3 Rb7 23. Rac1 d5 24. Bb5 dxc4 25. Bxc4 Rbb8 26. Rfe1 Bxc4 27. bxc4 Rfd8 28. Qc3 a4 29. Ra1 Qb6+ 30. Kh1 Qa6 31. h3 1/2-1/2

[Event "40th IND-chT Open 2020"]
[Site "Ahmedabad"]
[Date "2020.02.11"]
[Round "7.21"]
[White "Rupesh, Ranjan"]
[Black "Jatinder, Kapoor"]
[Result "1-0"]
[ECO "B94"]
[WhiteElo "1889"]
[BlackElo "1586"]
[Annotator "NA RC"]
[PlyCount "53"]
[EventDate "2020.02.05"]
[EventCountry "IND"]
[SourceTitle "playchess.com"]
[Source "ChessBase"]
[SourceQuality "1"]
[TimeControl "5400+30"]

1. e4 c5 2. Nf3 d6 3. d4 cxd4 4. Nxd4 Nf6 5. Nc3 a6 6. Bg5 Nbd7 7. Qe2 {[%emt 0:00:30] B94: Sicilian Najdorf: 6 Bg5 Nbd7.} g6 8. f4 Qc7 9. g4 Bg7 10. O-O-O O-O 11. f5 b5 {[%emt 0:00:30] [#]} 12. Bxf6 $146 ({Better is} 12. h4 $14) ({Predecessor:} 12. Bg2 Ne5 13. Bxf6 Bxf6 14. Nd5 Bg5+ 15. Kb1 Qd8 16. h4 Bh6 17. g5 Bg7 18. h5 {1-0 (31) Peters,T (1571)-Koczy,W (1466) Germany 2019}) 12... Bxf6 (12... Nxf6 $15 {stays ahead.} 13. Bg2 Rb8) 13. Nd5 Qa5 14. Kb1 Bb7 15. Nxf6+ Nxf6 16. Bg2 Rac8 17. h4 Rc4 {[#]} (17... Qb4 $16) 18. h5 $2 (18. fxg6 $1 $18 hxg6 19. h5) 18... g5 $1 19. h6 Kh8 20. Rhg1 Qb4 21. e5 Rxd4 $4 (21... dxe5 $14 22. Qxe5 (22. Bxb7 exd4 23. Rge1 Qd6 $14) 22... Bxg2 23. Rxg2 Qc5 24. Qxc5 Rxc5) 22. exf6 ({Less strong is} 22. Bxb7 dxe5 23. Qxe5 Rxd1+ 24. Rxd1 Qxg4 $16) 22... Bxg2 23. fxe7 Re8 24. Qxg2 d5 25. f6 Rf4 26. Qxd5 {[%emt 0:00:30] Double Attack} Rxf6 {[%emt 0:00:30] [#]} 27. Qd8 1-0

[Event "40th IND-chT Open 2020"]
[Site "Ahmedabad"]
[Date "2020.02.11"]
[Round "7.22"]
[White "Mayank Sharma Nandkishore"]
[Black "Himanshu Ranjan"]
[Result "1-0"]
[ECO "C00"]
[WhiteElo "1711"]
[BlackElo "1908"]
[Annotator "NA RC"]
[PlyCount "81"]
[EventDate "2020.02.05"]
[EventCountry "IND"]
[SourceTitle "playchess.com"]
[Source "ChessBase"]
[SourceQuality "1"]
[TimeControl "5400+30"]

1. e4 e6 2. d3 d5 3. Nd2 Nf6 4. Ngf3 Be7 5. g3 O-O 6. Bg2 {[%emt 0:00:03] C00: French: Unusual White 2nd moves.} c5 7. O-O b5 8. e5 Nfd7 $1 9. Re1 a5 {[%emt 0:00:34] [#]} 10. h4 $146 ({Predecessor:} 10. c3 Qc7 11. Qe2 Ba6 12. Nf1 Nc6 13. Bf4 b4 14. h4 a4 15. Qd2 Rab8 16. N1h2 {½-½ (63) Franco Filho,S (1796)-Bedin,M Cuiaba 2019}) 10... a4 11. Nf1 Bb7 12. h5 a3 13. b3 (13. bxa3 $11 h6 14. Rb1) 13... c4 (13... h6 $15) 14. d4 Qc7 (14... h6 $11) 15. N1h2 Na6 16. Ng4 cxb3 17. cxb3 Nb4 18. Re2 Rfc8 {[%emt 0:03:58] [#]} 19. Bf4 (19. h6 $1 $16) 19... Qb6 20. Rc1 Rxc1 21. Qxc1 Qa5 22. Qb1 Qd8 23. Bd2 Rc8 24. Bf1 Ba6 25. Bxb4 Bxb4 26. Rc2 Be7 {[%emt 0:17:40] [#]} (26... h6 $1 $11) 27. Qc1 (27. h6 $1 $16) 27... Nb6 (27... Rxc2 $11 28. Qxc2 h6) 28. Bd3 Qd7 $2 {[%emt 0:13:41] [#]} (28... Nd7 $16) 29. Nf6+ $1 gxf6 30. exf6 Bxf6 {[%emt 0:00:28] [#]} 31. Qh6 $1 {[%emt 0:00:26] Double Attack} Bg7 32. Qxh7+ Kf8 33. Rxc8+ $4 (33. h6 $18 {avoids the disaster.} Bf6 34. Ne5) 33... Nxc8 34. h6 Bf6 35. g4 Qe7 36. Kf1 Nd6 {[%emt 0:00:32] [#]} 37. g5 $1 Bb7 $2 (37... Ne4 $1 $11 {and Black stays safe.}) 38. gxf6 Qxf6 39. Ne5 Ke7 (39... Bc8 $142 40. Ke2 b4) 40. Qg7 b4 41. Ng6+ 1-0

[Event "40th IND-chT Open 2020"]
[Site "Ahmedabad"]
[Date "2020.02.11"]
[Round "7.23"]
[White "Kumar, Gaurav"]
[Black "Sanchit, Anand"]
[Result "1/2-1/2"]
[ECO "C00"]
[WhiteElo "2069"]
[BlackElo "1891"]
[Annotator "NA RC"]
[PlyCount "86"]
[EventDate "2020.02.05"]
[EventCountry "IND"]
[SourceTitle "playchess.com"]
[Source "ChessBase"]
[SourceQuality "1"]
[TimeControl "5400+30"]

1. Nf3 d5 2. g3 Nf6 3. Bg2 e6 4. O-O Be7 5. d3 c5 6. Nbd2 Nc6 7. e4 Qc7 8. Re1 b6 9. exd5 exd5 {[%emt 0:00:50] C00: French: Unusual White 2nd moves.} 10. Nf1 O-O 11. Bf4 {[%emt 0:00:59] [#]} Qd8 $146 ({Predecessor:} 11... Bd6 12. Bg5 Ng4 13. h3 Nge5 14. Ne3 Be6 15. Nd2 f6 16. Bf4 Qf7 17. c4 Nb4 {0-1 (39) Aldenhoven,H-Hatlebakk,E Buesum 1970}) 12. Ne5 Nxe5 13. Bxe5 Be6 $1 14. Ne3 Rc8 15. d4 Qd7 16. c3 c4 (16... Rcd8 $14) 17. f4 Ne4 18. f5 ({Better is} 18. Bxe4 $16 dxe4 19. d5) 18... Bxf5 19. Nxf5 Qxf5 20. Bxe4 dxe4 21. Qc2 Rfe8 22. Qxe4 Qd7 23. Qf3 Bf8 24. Rad1 Re7 25. Bf4 Rce8 26. Rxe7 $11 (26. Re2 $2 ) 26... Rxe7 27. d5 (27. h4) 27... b5 28. b3 Re8 29. d6 h6 30. bxc4 bxc4 31. Qd5 Re6 32. Qc5 Re8 33. Qxc4 (33. Qd4 $11 {keeps the balance.}) 33... g5 34. Qc7 {[%emt 0:00:35] [#]} (34. Bd2 $17 {was necessary.}) 34... Qg4 $1 35. Rf1 Re2 $2 (35... Rc8 $19 36. Qxa7 gxf4 37. Rxf4 Qe6) 36. Bxg5 $2 (36. Be3 $11 {and White has nothing to worry.} Qe6 37. Bxa7 Bxd6 38. Qd8+ Kg7 39. Bd4+ Be5 40. a4) 36... f5 $4 (36... Qe6 $19 37. Bc1 Bxd6) 37. d7 $2 (37. Bf4 $18 Qh5 38. Qc4+ Kh7 39. h4 Bxd6 40. Bxd6) 37... Qe4 38. Rf2 Qb1+ $2 39. Rf1 Qe4 $11 40. Rf2 $11 Qb1+ (40... Re1+ $17 41. Rf1 hxg5 42. Rxe1 (42. d8=Q {leads to mate.} Qe3+ 43. Kg2 Re2+ {[%mdl 64] Double Attack} 44. Kh1 Qe4+ 45. Rf3 Qxf3+ 46. Kg1 Qg2#) 42... Qxe1+ 43. Kg2 Qd2+ 44. Kf1 Qd3+ (44... Be7 45. Qxa7 Qd1+ 46. Kf2 Qd2+ 47. Kf1 Kf7) 45. Kf2) 41. Rf1 Qe4 $2 (41... Qxa2 $19 42. Rf2 (42. d8=Q $2 {is a self mate.} Rg2+ 43. Kh1 Rxh2+ 44. Kg1 Qg2#) (42. Qc6 Bc5+ 43. Rf2 Bxf2+ 44. Kh1 Re1+ 45. Kg2 Bg1+ 46. Bd2 Qxd2+ 47. Kh3 Qxh2#) 42... Qb1+ 43. Bc1 Qxc1+ 44. Kg2 Rxf2+ 45. Kxf2 Qd2+ 46. Kf1 Be7 47. Qxa7 Kf7) 42. Be3 $2 Qg4 $4 (42... Qg2#) 43. Bg5 $11 (43. d8=Q {mates} Qe4 44. Bf2 Rxf2 45. Kxf2 f4 46. gxf4 Qc2+ 47. Kf3 Qg6 48. Qc4+ Kg7 49. Qd7+ Kh8 {[#]} 50. Qcf7 $1 ) 43... Qc4 $2 1/2-1/2

[Event "40th IND-chT Open 2020"]
[Site "Ahmedabad"]
[Date "2020.02.11"]
[Round "7.24"]
[White "Aansh Gupta"]
[Black "Sudhanshu Ranjan"]
[Result "1-0"]
[ECO "B93"]
[WhiteElo "1900"]
[BlackElo "1978"]
[Annotator "NA RC"]
[PlyCount "37"]
[EventDate "2020.02.05"]
[EventCountry "IND"]
[SourceTitle "playchess.com"]
[Source "ChessBase"]
[SourceQuality "1"]
[TimeControl "5400+30"]

1. e4 c5 2. Nf3 d6 3. d4 cxd4 4. Nxd4 Nf6 5. Nc3 a6 6. f4 e5 7. Nf3 Qc7 8. Bd3 Be7 9. O-O O-O 10. Kh1 Nbd7 11. Qe1 {[%emt 0:00:30] B93: Sicilian Najdorf: 6 f4.} Nc5 12. fxe5 dxe5 13. Qg3 {[%emt 0:00:30] [#]} Ncd7 $146 ({Don't play} 13... Nxd3 14. cxd3 Be6 15. d4 $14) (13... b5 $11 {keeps the balance.}) ({Predecessor:} 13... Rd8 14. Qxe5 Bd6 15. Qg5 Be7 16. Qe5 Bd6 17. Qg5 Be7 18. Bf4 Qb6 19. Be3 h6 20. Bxc5 Bxc5 {½-½ (59) Zochowski,K (2040)-Ruecker,B (2258) Krakow 2013}) 14. Bg5 Kh8 15. Nd5 Nxd5 (15... Qd6 $16 {was worth a try.}) 16. exd5 f6 $2 {[%emt 0:00:30] [#]} (16... Bd6) 17. Qh4 $1 f5 18. Bxe7 e4 19. Ng5 $18 1-0